 Dungeon Crawl Stone Soup version 0.31-a0-705-ga145531891 (webtiles) character file.

Game seed: 9227140942710902640

1829 qw the Skirmisher (level 9, -7/57 HPs)
             Began as a Gargoyle Hunter on Sept 9, 2023.
             Killed by divine providence
             ... invoked by Jeremiah
              (13 damage)
             ... on level 7 of the Dungeon.
             The game lasted 00:02:34 (6781 turns).

qw the Skirmisher (Gargoyle Hunter)                 Turns: 6781, Time: 00:02:34

Health: -7/57      AC: 13    Str: 14    XL:     9   Next: 11%
Magic:  9/9        EV: 11    Int: 11    God:
Gold:   297        SH:  0    Dex: 17    Spells: 8/8 levels left

rFire   . . .        Y - +0 orcbow
rCold   . . .        (shield currently unavailable)
rNeg    + . .        d - +0 ring mail
rPois   inf          a - +0 helmet
rElec   +            (no cloak)
rCorr   .            (no gloves)
SInv    .            (no boots)
Will    .....        (no amulet)
Stlth   +            (no ring)
HPRegen 0.29/turn    (no ring)
MPRegen 0.11/turn

%: no passive effects
@: about to teleport
A: sickness immunity, AC +6, negative energy resistance 1, electricity
resistance, torment resistance 1, petrification resistance
a: no special abilities


You were on level 7 of the Dungeon.
You visited 2 branches of the dungeon, and saw 8 of its levels.

You collected 414 gold pieces.
You spent 117 gold pieces at shops.


Innate Abilities, Weirdness & Mutations

You are immune to sickness and miasma.
Your stone body is resilient. (AC +6)
You are immune to poison.
You resist negative energy. (rN+)
You are resistant to electric shocks. (rElec)
You are resistant to unholy torment.
You are immune to petrification.


   Skills:
 - Level 7.1 Fighting
 + Level 10.1 Ranged Weapons
 - Level 2.2 Armour
 - Level 2.0 Dodging
 - Level 1.1 Stealth


You had 8 spell levels left.
You didn't know any spells.
Your spell library was empty.

Inventory:

Hand Weapons
 Y - a +0 orcbow (weapon)
Armour
 a - a +0 helmet (worn)
 d - a +0 ring mail (worn)
Scrolls
 e - a scroll of identify
Potions
 c - 2 potions of resistance
 f - a potion of cancellation {unknown}
 i - a potion of heal wounds {unknown}
 j - a potion of enlightenment {unknown}

Dungeon Overview and Level Annotations

Branches:
Dungeon (7/15)             Temple (1/1) D:4

Altars:
Ashenzari
Cheibriados
Elyvilon
Fedhas
Gozag
Hepliaklqana
Kikubaaqudgha
Makhleb
Nemelex Xobeh
Qazlal
Ru
Sif Muna
Trog
Uskayaw
Wu Jian
Xom
Yredelemnul
Zin

Shops:
D:2 ?

Annotations:
D:7 Jeremiah


Message History

You shoot an arrow.
Jeremiah shouts!
The arrow hits Jeremiah but does no damage.
You hear an angry hiss.
Jeremiah lets out a twisted cry.
Something smites you!
You hear an angry hiss.
You shoot an arrow. The arrow barely misses Jeremiah.
An iguana comes into view.
You shoot an arrow. The arrow hits Jeremiah!
Jeremiah is moderately wounded.
Jeremiah barely misses you.
The iguana hisses menacingly.
Jeremiah hits you from afar with a +3 trident of draining!
Jeremiah hits you from afar with a +3 trident of draining!
Jeremiah hits you from afar with a +3 trident of draining!
The butterfly disappears in a burst of colours!
Jeremiah barely misses you. Jeremiah completely misses you.
Jeremiah hits you but does no damage.
You shoot an arrow. The arrow hits Jeremiah.
Jeremiah is moderately wounded.
The butterfly disappears in a burst of colours!
Jeremiah shouts, "O dreadful one, destroy my foe!"
Something smites you!
6778 ||| READING scroll of teleportation.
As you read the scroll of teleportation, it crumbles to dust.
You feel strangely unstable.
Jeremiah hits you from afar with a +3 trident of draining.
You shoot an arrow. The arrow hits the butterfly.
You kill the butterfly!
The butterfly disappears in a burst of colours!
Jeremiah misses you.
You shoot an arrow. The arrow hits Jeremiah.
Jeremiah is moderately wounded.
Jeremiah closely misses you.
Jeremiah lets out a twisted cry.
Something smites you!
You die...
Jeremiah says, "O terrible one, your will is done."

########
#......#
#.####%##
#.b.########
#.#)........
#.b@########
#bb..#
#F##b#


.bb b. ###. ... #. ##.# .# >. You could see Jeremiah.

Vanquished Creatures
  A water moccasin (D:6)
  An orc warrior (D:7)
  A black bear (D:6)
  An ice beast (D:7)
  An ogre (D:6)
  A centaur (D:5)
  2 kobold brigands (D:4)
  5 bullfrogs
  4 scorpions
  An electric eel (D:7)
  A jelly (D:4)
  An orc priest (D:7)
  2 hounds (D:6)
  3 iguanas
  5 orc wizards
  4 gnolls (D:5)
  12 adders
  2 worms
  4 dart slugs
  16 orcs
  10 ball pythons
  5 endoplasms
  2 goblins
  4 hobgoblins
  3 jackals (D:4)
  6 kobolds
  4 quokkas
  3 bats
  4 frilled lizards
  5 rats (D:2)
114 creatures vanquished.

Notes
Turn   | Place    | Note
-------+----------+-------------------------------------------
     0 | D:1      | qw the Gargoyle Hunter began the quest for the Orb.
     0 | D:1      | Reached XP level 1. HP: 12/12 MP: 1/1
     0 | D:1      | 0 ||| qw: Version: 0.3-a-80-g6052c40
     0 | D:1      | 0 ||| qw: Game counter: 1326
     0 | D:1      | 0 ||| qw: Melee chars always use a shield: true
     0 | D:1      | 0 ||| qw: God list: Okawaru
     0 | D:1      | 0 ||| qw: Allow faded altars: false
     0 | D:1      | 0 ||| qw: Do Orc after clearing Dungeon:15 true
     0 | D:1      | 0 ||| qw: Do second Lair branch before Depths: true
     0 | D:1      | 0 ||| qw: Lair rune preference: random
     0 | D:1      | 0 ||| qw: Goals: Normal
     0 | D:1      | 0 ||| PLANNING D:1-11
   381 | D:1      | Reached XP level 2. HP: 17/17 MP: 2/2
   702 | D:1      | 702 ||| UPGRADING to +0 ring mail.
   712 | D:1      | 712 ||| DROPPING +0 leather armour.
   713 | D:1      | 713 ||| READING scroll labelled JYZUSY DITIWUO.
   714 | D:1      | 714 ||| READING scroll labelled PACIWO NOXT.
   727 | D:1      | 727 ||| DROPPING scroll of butterflies.
   815 | D:2      | 815 ||| FLEEEEING.
   839 | D:2      | Reached skill level 1 in Armour
   857 | D:2      | Reached XP level 3. HP: 21/21 MP: 3/3
  1152 | D:2      | Reached skill level 5 in Ranged Weapons
  1336 | D:2      | Found Hovemuiw's Magic Scroll Emporium.
  1346 | D:2      | 1346 ||| BUYING 3 scrolls of teleportation (117 gold).
  1346 | D:2      | Bought 3 scrolls of teleportation for 117 gold pieces
  1346 | D:2      | 1346 ||| SHOPLISTING scroll of enchant armour (97 gold,
                  | have 7).
  1346 | D:2      | 1346 ||| SHOPLISTING scroll of enchant weapon (97 gold,
                  | have 7).
  1346 | D:2      | 1346 ||| SHOPLISTING scroll of identify (26 gold, have 7).
  1346 | D:2      | 1346 ||| SHOPLISTING scroll of teleportation (39 gold, have
                  | 7).
  1781 | D:2      | 1781 ||| READING 2 scrolls labelled INYIFR QOONAZI.
  1782 | D:2      | 1782 ||| READING 2 scrolls labelled CIZAME OFIY.
  1783 | D:2      | 1783 ||| READING scroll labelled SED JE VOAF.
  1784 | D:2      | 1784 ||| READING scroll labelled PES ZERAANKAODU.
  1785 | D:2      | 1785 ||| READING scroll labelled INEQAR EQUA.
  1786 | D:2      | 1786 ||| READING scroll labelled NUCZUO TAPO.
  1787 | D:2      | 1787 ||| DROPPING scroll of immolation.
  1788 | D:2      | 1788 ||| DROPPING scroll of amnesia.
  1868 | D:3      | Reached XP level 4. HP: 27/27 MP: 4/4
  1904 | D:3      | Reached skill level 3 in Fighting
  2147 | D:3      | 2147 ||| FLEEEEING.
  2324 | D:3      | Reached XP level 5. HP: 32/32 MP: 5/5
  2656 | D:3      | 2656 ||| DRINKING 2 viscous inky potions.
  2657 | D:3      | 2657 ||| READING 2 scrolls of identify.
  2657 | D:3      | 2657 ||| IDENTIFYING red potion
  2658 | D:3      | 2658 ||| DROPPING potion of degeneration.
  2726 | D:4      | 2726 ||| FLEEEEING.
  2727 | D:4      | 2727 ||| FLEEEEING.
  2728 | D:4      | 2728 ||| FLEEEEING.
  2733 | D:4      | 2733 ||| FLEEEEING.
  2735 | D:4      | 2735 ||| FLEEEEING.
  2742 | D:4      | 2742 ||| STAIRDANCE
  2855 | D:4      | Reached skill level 6 in Ranged Weapons
  2879 | D:4      | Noticed a kobold brigand
  2892 | D:4      | Killed a kobold brigand
  2893 | D:4      | Reached XP level 6. HP: 24/38 MP: 6/6
  3079 | D:4      | Found a staircase to the Ecumenical Temple.
  3080 | D:4      | 3080 ||| PLANNING TEMPLE
  3088 | Temple   | Entered the Ecumenical Temple
  3089 | Temple   | 3089 ||| PLANNING D:1-11
  3309 | D:4      | Reached skill level 7 in Ranged Weapons
  3362 | D:4      | Reached XP level 7. HP: 13/43 MP: 7/7
  3860 | D:4      | 3860 ||| UPGRADING to +0 helmet.
  3865 | D:4      | 3865 ||| READING scroll labelled YHUSEO ATOGYAPH.
  3866 | D:4      | 3866 ||| READING scroll labelled YGRAHI VODEYST.
  3867 | D:4      | 3867 ||| DRINKING 2 dark potions.
  3868 | D:4      | 3868 ||| DRINKING 2 sedimented emerald potions.
  3906 | D:4      | 3906 ||| FLEEEEING.
  3907 | D:4      | 3907 ||| FLEEEEING.
  3908 | D:4      | 3908 ||| FLEEEEING.
  3909 | D:4      | 3909 ||| FLEEEEING.
  3919 | D:4      | 3919 ||| DRINKING 2 green potions.
  3920 | D:4      | 3920 ||| DROPPING potion of berserk rage.
  3921 | D:4      | 3921 ||| DROPPING potion of invisibility.
  3944 | D:5      | Entered Level 5 of the Dungeon
  3964 | D:5      | Found a stormy altar of Qazlal.
  4122 | D:5      | 4122 ||| READING scroll of brand weapon.
  4122 | D:5      | 4122 ||| BRANDING +0 shortbow of flaming.
  4301 | D:5      | Reached skill level 8 in Ranged Weapons
  4647 | D:5      | 4647 ||| SWAPPING to +0 orcbow.
  4648 | D:5      | 4648 ||| DROPPING +0 heavy shortbow.
  4840 | D:5      | 4840 ||| READING scroll labelled FEUSI CIJOTEFOTE.
  4989 | D:6      | Reached XP level 8. HP: 46/49 MP: 8/8
  5007 | D:6      | Found a white marble altar of Elyvilon.
  5181 | D:6      | Found a hide-covered altar of Uskayaw.
  5182 | D:6      | Found a shimmering altar of Xom.
  5186 | D:6      | Found an opulent altar of Gozag.
  5186 | D:6      | Found a bloodstained altar of Trog.
  5187 | D:6      | Found a broken altar of Ashenzari.
  5187 | D:6      | Found an ornate altar of the Wu Jian Council.
  5244 | D:6      | Reached skill level 9 in Ranged Weapons
  5632 | D:6      | 5632 ||| READING 2 scrolls labelled WEENIN ZOSAESTRUR.
  5733 | D:6      | 5733 ||| READING scroll labelled JOMORI JUPI.
  5734 | D:6      | 5734 ||| DROPPING scroll of silence.
  5840 | D:7      | 5840 ||| STAIRDANCE
  5844 | D:6      | Reached skill level 6 in Fighting
  5879 | D:7      | 5879 ||| STAIRDANCE
  5884 | D:7      | 5884 ||| STAIRDANCE
  5920 | D:7      | 5920 ||| STAIRDANCE
  5959 | D:7      | 5959 ||| DRINKING potion of curing.
  5959 | D:7      | 5959 ||| (to cure confusion)
  5965 | D:7      | 5965 ||| FLEEEEING.
  5966 | D:7      | 5966 ||| STAIRDANCE
  6045 | D:7      | 6045 ||| STAIRDANCE
  6173 | D:7      | 6173 ||| Stepping ~*~*~tactically~*~*~ (retreating).
  6174 | D:7      | 6174 ||| Stepping ~*~*~tactically~*~*~ (retreating).
  6178 | D:7      | HP: 8/51 [orc priest/divine providence (12)]
  6179 | D:7      | 6179 ||| READING 3 scrolls of teleportation.
  6180 | D:7      | HP: 3/51 [orc warrior/+0 battleaxe (5)]
  6181 | D:7      | HP: 1/51 [orc warrior/+0 battleaxe (2)]
  6408 | D:7      | Reached skill level 10 in Ranged Weapons
  6408 | D:7      | Reached XP level 9. HP: 41/55 MP: 9/9
  6568 | D:7      | Noticed Jeremiah
  6577 | D:7      | HP: 13/56 [Jeremiah/+3 trident of draining (6)]
  6578 | D:7      | 6578 ||| READING 2 scrolls of teleportation.
  6579 | D:7      | HP: 5/56 [Jeremiah/+3 trident of draining (2)]
  6777 | D:7      | HP: 10/57 [Jeremiah/divine providence (13)]
  6778 | D:7      | 6778 ||| READING scroll of teleportation.
  6781 | D:7      | Killed from afar by Jeremiah

Levels and vault maps discovered:
D:1:      spicycebolla_green_bress_n_ham_2, layout_basic
D:2:      layout_basic, serial_aquarium, aquarium_bridge_straight
          [aquarium_subvault_bridge, aquarium_subvault_window,
          aquarium_subvault_bridge, aquarium_subvault_wall],
          aquarium_bridge_long_separate [aquarium_subvault_bridge,
          aquarium_subvault_balcony, aquarium_subvault_wall,
          aquarium_subvault_bridge, aquarium_subvault_window,
          aquarium_subvault_bridge], aquarium_window_2, aquarium_window_2,
          aquarium_window_3, aquarium_window_fake, aquarium_view_2d,
          aquarium_view_2b, serial_shops, shop
D:3:      layout_loops_ring, uniq_crazy_yiuf_cottage
D:4:      layout_loops_cross, minmay_temple_entry_purple_smoke,
          hangedman_decor_push, minmay_snake_closets
D:5:      layout_basic, grunt_qazlal_clouds, hangedman_glass_teeth, st_stairs_12
D:6:      layout_basic, elyvilon_altar_5, grunt_temple_overflow_open,
          hangedman_minor_gate_pass
D:7:      layout_loops_ring, mainiacjoe_overflow_six_doors_small, minivault_1,
          hangedman_decor_peaks_small, st_stairs_8, serial_bayou_ford_a,
          chequers_big_river, minmay_misc_feat_diagonals,
          nicolae_shop_distant_corner_stores, grunt_ministairs_14, uniq_jeremiah
Temple:   hellmonk_temple_flake

Skill      XL: |  1  2  3  4  5  6  7  8  9 |
---------------+----------------------------+-----
Armour         | 1 2 |  2.2
Ranged Weapons | 5 6 7 8 10 | 10.1
Fighting       | 3 4 5 6 7 |  7.1
Dodging        | 2 |  2.0
Stealth        | |  1.1

Action                     |  1- 3 |  4- 6 |  7- 9 || total
---------------------------+-------+-------+-------++-------
   Fire: Shortbow          |   113 |   186 |    72 ||   371
         Orcbow            |       |       |   240 ||   240
    Use: Scroll            |     8 |     1 |     9 ||    18
         Potion            |       |     1 |     4 ||     5
 Armour: Leather armour    |    13 |       |       ||    13
         Ring mail         |    17 |    92 |   208 ||   317
  Dodge: Dodged            |    36 |    65 |   167 ||   268

Table legend:
 A = Non-vault XP
 B = Vault XP
 C = Vault XP percentage of total XP
 D = Non-vault monster count
 E = Vault monster count
 F = Vault count percentage of total count
                 A         B        C        D         E       F
            +---------+---------+-------+---------+---------+-------
      Total |    1910 |     703 |  26.9 |      93 |      21 |  18.4
            +---------+---------+-------+---------+---------+-------
        D:1 |      18 |       0 |   0.0 |      10 |       0 |   0.0
        D:2 |      47 |       0 |   0.0 |      18 |       0 |   0.0
        D:3 |     108 |       0 |   0.0 |      14 |       0 |   0.0
        D:4 |     448 |      74 |  14.2 |      17 |      11 |  39.3
        D:5 |     392 |       3 |   0.8 |      12 |       1 |   7.7
        D:6 |     361 |     456 |  55.8 |      10 |       6 |  37.5
        D:7 |     536 |     170 |  24.1 |      12 |       3 |  20.0
            +---------+---------+-------+---------+---------+-------
